 Seeded DCSS version 0.30-a0-948-g4fa250aae5 (webtiles) character file.

Game seed: 3841577309390396182 (custom seed)

1852 bmack86 the Fighter (level 8, -5/75 HPs)
             Began as a Minotaur Fighter on Mar 26, 2023.
             Killed by divine providence
             ... invoked by an orc priest
              (14 damage)
             ... on level 6 of the Dungeon.
             The game lasted 00:12:51 (5040 turns).

bmack86 the Fighter (Minotaur Fighter)              Turns: 5040, Time: 00:12:52

Health: -5/75      AC: 11    Str: 24    XL:     8   Next: 88%
Magic:  7/7        EV:  5    Int:  5    God:
Gold:   355        SH: 15    Dex:  9    Spells: 7/7 levels left

rFire   . . .      SeeInvis .    a - +0 war axe
rCold   . . .      Faith    .    x - +2 tower shield of the Endless Expanse {Will+ Regen+}
rNeg    . . .      Spirit   .    G - +0 chain mail
rPois   .          Reflect  .    (helmet restricted)
rElec   .          Rampage  .    y - +0 cloak
rCorr   .                        (no gloves)
Will    +....                    (no boots) Stlth
                                 (no amulet)
HPRegen 1.12/turn                (no ring)
MPRegen 0.10/turn                (no ring)

@: studying Fighting
A: horns 2, retaliatory headbutt
a: no special abilities


You were on level 6 of the Dungeon.
You visited 1 branch of the dungeon, and saw 6 of its levels.
You also visited: Sewer and Ossuary.

You collected 451 gold pieces.
You spent 96 gold pieces at shops.

Inventory:

Hand Weapons
 a - a +0 war axe (weapon)
Missiles
 n - 4 poisoned darts (quivered)
 u - a throwing net
 D - 5 atropa-tipped darts
Armour
 b - a +0 scale mail
 c - a +0 buckler
 x - the +2 tower shield of the Endless Expanse (worn) {Will+ Regen+}
   (You found it on level 3 of the Dungeon)

   Regen:     It increases your rate of health regeneration.
   Will:      It increases your willpower.
 y - a +0 cloak (worn)
 G - a +0 chain mail (worn)
Jewellery
 g - an amulet of guardian spirit
Wands
 q - a wand of charming (17)
Scrolls
 e - 2 scrolls of blinking {unknown}
 f - a scroll of noise {unknown}
 j - 3 scrolls of immolation {unknown}
 k - 4 scrolls of magic mapping
 o - a scroll of vulnerability {unknown}
 p - 4 scrolls of teleportation {unknown}
 r - a scroll of amnesia {unknown}
 z - 2 scrolls of poison {unknown}
 A - 2 scrolls of enchant armour {unknown}
 C - a scroll of fear {unknown}
 H - a scroll of summoning {unknown}
 I - a scroll of brand weapon {unknown}
Potions
 d - a potion of might
 h - 2 potions of magic
 i - 8 potions of curing
 l - 2 potions of attraction
 m - 2 potions of invisibility
 s - 4 potions of degeneration {unknown}
 t - 4 potions of mutation {unknown}
 v - a potion of flight {unknown}
 w - 4 potions of heal wounds
 B - 2 potions of resistance {unknown}
 E - a potion of lignification {unknown}
 F - 2 potions of berserk rage
 J - 2 potions of ambrosia {unknown}


   Skills:
 + Level 8.6 Fighting
 * Level 8.4 Axes
 + Level 4.2 Throwing
 + Level 6.6 Armour
 + Level 6.7 Shields


You had 7 spell levels left.
You didn't know any spells.
Your spell library contained the following spells:

 Spells                   Type           Power      Damage    Failure   Level
 Blink                    Tloc           0%         N/A       100%        2
 Cigotuvi's Dreadful Rot  Necr/Pois/Air  0%         N/A       100%        2
 Poisonous Vapours        Pois/Air       0%         N/A       100%        2
 Dazzling Flash           Conj/Hex       0%         N/A       100%        3
 Frozen Ramparts          Ice            0%         1d1       100%        3
 Ignite Poison            Fire/Tmut/Pois 0%         N/A       100%        3
 Inner Flame              Hex/Fire       0%         N/A       100%        3
 Kindle Blastsparks       Fire/Tloc/Air  0%         2d10      100%        3
 Mephitic Cloud           Conj/Pois/Air  0%         N/A       100%        3
 Cause Fear               Hex            0%         N/A       100%        4
 Ice Form                 Ice/Tmut       0%         N/A       100%        4
 Manifold Assault         Tloc           0%         N/A       100%        4
 Summon Ice Beast         Ice/Summ       0%         N/A       100%        4
 Agony                    Necr           0%         N/A       100%        5
 Freezing Cloud           Conj/Ice/Air   0%         6-21      100%        5
 Silence                  Hex/Air        0%         N/A       100%        5
 Storm Form               Tmut/Air       0%         N/A       100%        7
 Discord                  Hex            0%         N/A       100%        8


Dungeon Overview and Level Annotations

Branches:
Dungeon (6/15)              Sewer (visited)         Ossuary (visited)
 Temple: D:4-7

Altars:

Shops:
D:3 ?   D:4 =[(

Annotations:
D:2 1 runed translucent door, Crazy Yiuf
D:6 Duvessa


Innate Abilities, Weirdness & Mutations

You have a pair of horns on your head.
You reflexively headbutt those who attack you in melee.


Message History

You hit Duvessa but do no damage. You headbutt Duvessa.
Duvessa is lightly wounded.
You barely miss the orc. You closely miss the orc. You miss something.
You hit the orc wizard but do no damage.
You hit the orc priest. Something hits you.
The orc wizard hits you but does no damage.
The orc hits you with a +0 trident.
The orc priest hits you but does no damage.
Duvessa hits you with a +0 short sword! You block the orc's attack.
The orc wizard hits you but does no damage.
You block the orc's attack. Duvessa hits you with a +0 short sword!
The orc barely misses you.
You hear some strange, mumbled words.
A puff of flame appears from out of thin air!
The puff of flame misses you.
The puff of flame hits Duvessa!
You block the orc priest's attack.
You hit Duvessa but do no damage.
Duvessa is moderately wounded.
You slash the orc wizard! You completely miss the orc priest. You hit the orc.
You kill the orc!
You slash the orc!
You kill the orc!
You miss something. You block Duvessa's attack.
You hear some strange, mumbled words.
A puff of flame appears from out of thin air!
The puff of flame hits you. The orc wizard barely misses you.
You furiously retaliate!
You headbutt the orc wizard!
You kill the orc wizard!
The orc priest mumbles some strange prayers to Beogh against you.
Beogh smites you! Duvessa hits you with a +0 short sword!
* * * LOW HITPOINT WARNING * * *
You hit Duvessa. Your headbutt misses Duvessa.
Duvessa is moderately wounded.
You slash something!
Reactivating autopickup.
You feel a bit more experienced.
You barely miss the orc priest. You block Duvessa's attack.
The orc priest invokes the aid of Beogh against you.
Beogh smites you!
You die...

...)........,,,,,,,,,,,,,..#.# *
...........##***********####.#***
...).....#.# #.#,,+
...))....#.######### #.#,**
.........#.........# #.#,,,
>).......#.:.......# #.#,,,
.........#.........# #.#,**
#####.#..#.....).o.#########<#,*,
# *,....#.....)@e...........#,*,
# *,.#.###.....)).###########,*,
# *,.#............#,,,,,,,,,*,*,
# *,,,,.......#.#....,,,,,,,*,,,
*,****#####.#.#.#.##*********,
###### *,,,#.#.#.#..#,,,,,,,,,,
~.~~.## *,*,#.#.#.#,##,*****,***
≈≈≈≈~~# *,*,*,#.#..,,,,,,,,,,,,,
####..# *,*,*,#.###,**,,,***,***


You could see Duvessa (berserk) and an orc priest.

Vanquished Creatures
  Grinder (D:6)
  A wyvern (D:6)
  A wraith (Ossuary)
  A black bear (D:5)
  Pargi (Sewer)
  An ice beast (D:6)
  An ogre (D:4)
  2 phantoms (D:6)
  2 scorpions
  2 gnoll sergeants (D:5)
  A wight (D:6)
  Dowan (D:6)
  2 hounds
  An orc priest (D:6)
  Natasha (D:2)
  An iguana (D:5)
  3 orc wizards (D:6)
  3 mummies (Ossuary)
  9 adders
  9 gnolls
  An ufetubus (D:5)
  A worm (D:4)
  A dart slug (D:3)
  10 orcs
  7 ball pythons
  6 endoplasms
  8 giant cockroaches
  11 goblins
  12 hobgoblins
  4 jackals (D:1)
  7 quokkas
  9 bats
  2 frilled lizards
  6 goblin zombies (Ossuary)
  3 hobgoblin zombies (Ossuary)
  9 kobolds
  A kobold zombie (Ossuary)
  5 rats
147 creatures vanquished.

Vanquished Creatures (others)
  Blork the orc (D:5)
  A gnoll (D:5)
  15 fungi (D:5)
  3 plants (D:5)
20 creatures vanquished.

Grand Total: 167 creatures vanquished

Notes
Turn   | Place    | Note
-------+----------+-------------------------------------------
     0 | D:1      | bmack86 the Minotaur Fighter began the quest for the Orb.
     0 | D:1      | Reached XP level 1. HP: 19/19 MP: 0/0
    90 | D:1      | Reached XP level 2. HP: 23/27 MP: 1/1
   496 | D:1      | Reached XP level 3. HP: 29/33 MP: 2/2
   690 | D:2      | You fall into a shaft and drop 1 floor!
  1444 | D:2      | Reached XP level 4. HP: 40/40 MP: 3/3
  1565 | D:2      | Noticed Natasha
  1571 | D:2      | Killed Natasha
  1620 | D:2      | Found a runed translucent door.
  1621 | D:2      | Noticed Crazy Yiuf
  1828 | D:3      | Reached skill level 1 in Throwing
  1900 | D:3      | Found Ruoj Bon's Magic Scroll Boutique.
  1908 | D:3      | Bought a scroll of identify for 24 gold pieces
  1908 | D:3      | Bought a scroll of identify for 24 gold pieces
  1908 | D:3      | Bought 2 scrolls of identify for 48 gold pieces
  2033 | D:3      | Identified the +2 tower shield of the Endless Expanse
                  | {Will+ Regen+}
  2396 | D:4      | Found Okkemaoc's Jewellery Emporium.
  2397 | D:4      | Noticed a scorpion
  2413 | D:3      | Killed a scorpion
  2414 | D:3      | Reached XP level 5. HP: 47/47 MP: 4/4
  2458 | D:4      | Reached skill level 5 in Fighting
  2692 | D:4      | Found Quoxoum's Weapon Shoppe.
  2696 | D:4      | Found Zirchise's Armour Emporium.
  2900 | D:5      | Entered Level 5 of the Dungeon
  2901 | D:5      | Noticed Blork the orc
  2952 | D:5      | Noticed an ogre
  2983 | D:4      | Reached XP level 6. HP: 55/56 MP: 5/5
  2996 | D:4      | Reached skill level 5 in Axes
  3067 | D:4      | Reached skill level 5 in Armour
  3067 | D:4      | Reached skill level 5 in Shields
  3118 | D:5      | Reached XP level 7. HP: 40/63 MP: 6/6
  3954 | D:5      | Killed Blork the orc
  4261 | D:6      | Found a glowing drain.
  4284 | Sewer    | Entered a sewer
  4321 | Sewer    | Noticed Pargi
  4330 | Sewer    | Killed Pargi
  4420 | D:6      | Noticed Dowan
  4432 | D:6      | Reached XP level 8. HP: 68/73 MP: 7/7
  4432 | D:6      | Killed Dowan
  4498 | D:6      | Found a sand-covered staircase.
  4506 | Ossuary  | Entered an ossuary
  5025 | D:6      | Noticed Grinder
  5032 | D:6      | Noticed Duvessa
  5034 | D:6      | Killed Grinder
  5040 | D:6      | Killed from afar by an orc priest

Illustrated notes

Levels and vault maps discovered:
D:1:      psy_arrival_basics, layout_loops_ring
D:2:      layout_loops_corners, minivault_4, uniq_crazy_yiuf_cottage,
          uniq_natasha
D:3:      layout_basic, serial_shops, nicolae_shop_crystal, item_on_display_a
D:4:      layout_rooms, serial_shops, nicolae_shop_crystal, shop,
          nicolae_shop_hallway_plus, st_stairs_13, grunt_decor_arrowhead
D:5:      corexii_shack_village, layout_basic, chequers_serial_rivers_micro_e,
          dreamdust_gnoll_farm, uniq_blork_the_orc
D:6:      layout_basic, nicolae_uskayaw_en_pointe, serial_shops,
          nicolae_shop_behind_doors, gup_sewer_entry_pipe,
          lightli_ossuary_entry_decrepit_ruins, uniq_duvessa, uniq_maggie,
          uniq_grinder

Skill      XL: |  1  2  3  4  5  6  7  8 |
---------------+-------------------------+-----
Axes           | 3 4 5 6 8 |  8.4
Shields        | 4 5 6 |  6.7
Fighting       | 4 5 6 7 8 |  8.6
Armour         | 4 5 6 |  6.6
Throwing       | 1 2 3 4 |  4.2

Action                     |  1- 3 |  4- 6 |  7- 9 || total
---------------------------+-------+-------+-------++-------
  Melee: War axe           |    81 |   104 |   169 ||   354
         Headbutt          |    10 |    15 |    27 ||    52
  Throw: Dart              |       |     2 |       ||     2
    Use: Scroll            |       |     5 |     2 ||     7
         Potion            |       |       |     2 ||     2
 Armour: Scale mail        |    46 |    51 |    52 ||   149
         Chain mail        |       |       |    52 ||    52
  Dodge: Dodged            |    45 |    49 |    39 ||   133
  Block: Buckler           |    21 |     4 |       ||    25
         Tower shield      |       |    98 |   160 ||   258

Table legend: (Time is in decaauts)
 A = Elapsed time spent in this place.
 B = Non-inter-level travel time spent in this place.
 C = Inter-level travel time spent in this place.
 D = Time resting spent in this place.
 E = Time spent auto-exploring this place.
 F = Levels seen in this place.
 G = Mean time per level.
                   A        B        C        D        E       F      G
               +--------+--------+--------+--------+--------+-----+--------+
         Total |   5225 |   5113 |    112 |     79 |   2936 |   8 |  653.1 |
       Dungeon |   4611 |   4499 |    112 |     79 |   2838 |   6 |  768.5 |
         Sewer |    118 |    118 |      0 |      0 |     12 |   1 |  118.0 |
       Ossuary |    495 |    495 |      0 |      0 |     86 |   1 |  495.0 |
               +--------+--------+--------+--------+--------+-----+--------+

Top non-repeatable levels by time:
     D:5: 1223 daAuts
     D:3: 879 daAuts
     D:2: 874 daAuts
     D:1: 702 daAuts
     D:4: 651 daAuts
 Ossuary: 495 daAuts
     D:6: 281 daAuts
   Sewer: 118 daAuts
